 Dungeon Crawl Stone Soup version 0.29.0-15-g675c0067aa (webtiles) character file.

Game seed: 7202515882827551524

1702 qw the Cleaver (level 8, 0/70 HPs)
             Began as a Minotaur Berserker on Sept 11, 2022.
             Was a Priest of Trog.
             Slain by a steam dragon (3 damage)
             ... on level 6 of the Dungeon.
             The game lasted 00:01:56 (6234 turns).

qw the Cleaver (Minotaur Berserker)                 Turns: 6234, Time: 00:01:57

Health: 0/70       AC: 11    Str: 23    XL:     8   Next: 73%
Magic:  7/7        EV: 11    Int:  4    God:    Trog [***...]
Gold:   172        SH:  5    Dex:  6    Spells: 7/7 levels left

rFire   . . .      SeeInvis .   Y - +1 war axe
rCold   + . .      Faith    .   (no shield)
rNeg    + + +      Spirit   .   f - +0 ring mail
rPois   +          Reflect  +   (helmet restricted)
rElec   .          Harm     .   g - +1 cloak
rCorr   .          Rampage  .   (no gloves)
Will    +....                   n - +2 pair of boots
Stlth   ..........              k - amulet of reflection
HPRegen 0.21/turn               j - ring "Toikkua" {Drain rPois rN+++ Will+ Dex-5}
MPRegen 0.10/turn               m - ring of protection from cold

@: on berserk cooldown, slowed, very slow
A: horns 2, retaliatory headbutt
a: Renounce Religion, Berserk, Trog's Hand


You were on level 6 of the Dungeon.
You worshipped Trog.
Trog was most pleased with you.
You visited 1 branch of the dungeon, and saw 6 of its levels.
You also visited: Sewer.

You collected 198 gold pieces.
You spent 26 gold pieces at shops.


Innate Abilities, Weirdness & Mutations

You have a pair of horns on your head.
You reflexively headbutt those who attack you in melee.


   Skills:
 + Level 6.1 Fighting
 - Level 12.1 Axes
 - Level 1.5 Throwing
 - Level 4.4 Armour
 - Level 2.1 Dodging


You had 7 spell levels left.
You didn't know any spells.
Your spell library was empty.

Inventory:

Hand Weapons
 i - a +0 flail
 Y - a +1 war axe (weapon)
Missiles
 h - 2 boomerangs (quivered)
Armour
 b - the +2 ring mail "Lomasm" {rF+ rN+ Will+ Int-4}
   (You found it on level 2 of the Dungeon)

   Int:       It affects your intelligence (-4).
   rF:        It protects you from fire.
   rN:        It protects you from negative energy.
   Will:      It increases your willpower.
 f - a +0 ring mail (worn)
 g - a +1 cloak (worn)
 n - a +2 pair of boots (worn)
Jewellery
 j - the ring "Toikkua" (left hand) {Drain rPois rN+++ Will+ Dex-5}
   (You found it on level 5 of the Dungeon)

   [ring of willpower]

   Dex:       It affects your dexterity (-5).
   rPois:     It protects you from poison.
   rN:        It renders you almost immune to negative energy.
   Drain:     It drains your maximum health when unequipped.
   Will:      It increases your willpower.
 k - an amulet of reflection (around neck)
 m - a ring of protection from cold (right hand)
Scrolls
 d - 5 scrolls of identify
 o - 3 scrolls of amnesia {unknown}
Potions
 a - a potion of haste
 c - 3 potions of mutation
 e - 4 potions of curing
 l - a potion of cancellation

Dungeon Overview and Level Annotations

Branches:
Dungeon (6/15)             Temple (0/1) D:4           Sewer (visited)

Altars:

Shops:
D:4 *

Annotations:
D:2 1 runed translucent door, Crazy Yiuf


Message History

The water moccasin bites you.
The steam dragon bites you but does no damage.
The steam dragon claws you but does no damage.
The iguana is engulfed in a cloud of scalding steam.
The iguana dies!
The water moccasin is engulfed in a cloud of scalding steam.
The water moccasin bites you but does no damage.
You slash the water moccasin!
Your headbutt misses the water moccasin.
The water moccasin is almost dead.
You hit the steam dragon but do no damage.
The steam dragon bites you but does no damage.
The steam dragon barely misses you.
The water moccasin is engulfed in a cloud of scalding steam.
The water moccasin dies!
The steam dragon closely misses you. The steam dragon barely misses you.
You slice the steam dragon!!
The steam dragon is almost dead.
You are engulfed in a cloud of scalding steam.
A steam dragon comes into view.
The steam dragon barely misses you. The steam dragon claws you.
An adder comes into view.
You barely miss the steam dragon.
The steam dragon is almost dead.
The adder hisses angrily.
The steam dragon bites you but does no damage.
You block the steam dragon's attack.
You slash the steam dragon!
You kill the steam dragon!
Trog accepts your kill.
Your Axes skill increases to level 12!
The steam dragon barely misses you.
The steam dragon claws you but does no damage.
The adder closely misses you. The steam dragon barely misses you.
The steam dragon closely misses you.
You closely miss the steam dragon. You headbutt the steam dragon.
The steam dragon is lightly wounded.
You closely miss the adder. The adder closely misses you.
The steam dragon bites you.
You die...

##....####.#.#.
##.#.# ......
###.###.#...
#.##.#.)(...#
#.....)....##
#............#
##.#.........###.
# ###....)......
####@S......
#D.......
#.....$..
#........
#........
###.....# ....#.
...#.


You could see a steam dragon and an adder.

Vanquished Creatures
  Eustachio (D:6)
  A steam dragon (D:6)
  A black bear (D:5)
  A centaur (D:6)
  A phantom (D:6)
  A kobold brigand (Sewer)
  A necrophage (D:6)
  A bullfrog (D:6)
  A scorpion (D:5)
  4 wights (D:6)
  A howler monkey (D:6)
  8 hounds
  An orc priest (D:4)
  4 iguanas
  An orc wizard (D:4)
  9 adders
  4 gnolls (D:3)
  A river rat (Sewer)
  An ufetubus (D:4)
  5 worms
  2 dart slugs (D:3)
  5 orcs
  6 endoplasms
  4 giant cockroaches
  3 goblins
  4 hobgoblins
  3 jackals
  13 kobolds
  3 quokkas
  19 ball pythons
  6 bats
  6 frilled lizards
  12 rats
134 creatures vanquished.

Vanquished Creatures (others)
  A water moccasin (D:6)
  An iguana (D:6)
  A fungus (D:2)
  40 plants
43 creatures vanquished.

Grand Total: 177 creatures vanquished

Notes
Turn   | Place    | Note
-------+----------+-------------------------------------------
     0 | D:1      | qw the Minotaur Berserker began the quest for the Orb.
     0 | D:1      | Reached XP level 1. HP: 19/19 MP: 0/0
     0 | D:1      | 0 ||| qw: Version: 0.1-a-119-g272c26d
     0 | D:1      | 0 ||| qw: Game counter: 10681
     0 | D:1      | 0 ||| qw: Always use a shield: true
     0 | D:1      | 0 ||| qw: Do Orc after D:15 true
     0 | D:1      | 0 ||| qw: Do second Lair branch before Depths: true
     0 | D:1      | 0 ||| qw: Lair rune preference: random
     0 | D:1      | 0 ||| qw: Plans: Normal
     0 | D:1      | 0 ||| PLANNING D:1-11
    32 | D:1      | 32 ||| Stepping ~*~*~tactically~*~*~ (stealth).
    35 | D:1      | 35 ||| Stepping ~*~*~tactically~*~*~ (stealth).
    36 | D:1      | 36 ||| Stepping ~*~*~tactically~*~*~ (stealth).
   156 | D:1      | Reached skill level 4 in Axes
   226 | D:1      | 226 ||| Stepping ~*~*~tactically~*~*~ (stealth).
   228 | D:1      | 228 ||| Stepping ~*~*~tactically~*~*~ (stealth).
   234 | D:1      | 234 ||| INVOKING Berserk.
   237 | D:1      | Reached XP level 2. HP: 14/26 MP: 1/1
   776 | D:1      | 776 ||| UPGRADING to +0 ring mail.
   786 | D:1      | 786 ||| DROPPING +0 animal skin.
   787 | D:1      | 787 ||| READING 3 scrolls labelled YKOBIDICRO.
   788 | D:1      | 788 ||| READING 2 scrolls of enchant weapon.
   788 | D:1      | 788 ||| ENCHANTING +1 hand axe.
   789 | D:1      | 789 ||| READING scroll of enchant weapon.
   789 | D:1      | 789 ||| ENCHANTING +2 hand axe.
   790 | D:1      | 790 ||| READING scroll labelled ZYBRACRI XUNGA.
   952 | D:2      | Identified the +2 ring mail "Lomasm" {rF+ rN+ Will+ Int-4}
  1056 | D:2      | 1056 ||| INVOKING Berserk.
  1057 | D:2      | 1057 ||| INVOKING Berserk.
  1058 | D:2      | 1058 ||| INVOKING Berserk.
  1220 | D:2      | 1220 ||| Stepping ~*~*~tactically~*~*~ (stealth).
  1222 | D:2      | 1222 ||| Stepping ~*~*~tactically~*~*~ (stealth).
  1223 | D:2      | 1223 ||| Stepping ~*~*~tactically~*~*~ (stealth).
  1249 | D:2      | Found a faded altar of an unknown god.
  1274 | D:2      | 1274 ||| Stepping ~*~*~tactically~*~*~ (stealth).
  1275 | D:2      | 1275 ||| Stepping ~*~*~tactically~*~*~ (stealth).
  1284 | D:2      | Reached skill level 5 in Axes
  1284 | D:2      | Reached XP level 3. HP: 30/31 MP: 2/2
  1499 | D:2      | 1499 ||| Stepping ~*~*~tactically~*~*~ (stealth).
  1570 | D:2      | 1570 ||| DROPPING +3 hammer.
  1950 | D:2      | Found a runed translucent door.
  1951 | D:2      | Noticed Crazy Yiuf
  2094 | D:2      | 2094 ||| READING 7 scrolls labelled MAMPOR OMOMME.
  2095 | D:2      | 2095 ||| READING scroll labelled NIYHEC LEUS.
  2096 | D:2      | 2096 ||| READING 6 scrolls of identify.
  2096 | D:2      | 2096 ||| IDENTIFYING glowing silvery potion
  2097 | D:2      | 2097 ||| READING 5 scrolls of identify.
  2097 | D:2      | 2097 ||| IDENTIFYING grey potion
  2098 | D:2      | 2098 ||| READING 4 scrolls of identify.
  2098 | D:2      | 2098 ||| IDENTIFYING sedimented puce potion
  2099 | D:2      | 2099 ||| DROPPING potion of lignification.
  2100 | D:2      | 2100 ||| DROPPING potion of degeneration.
  2142 | D:3      | Reached ** piety under Trog
  2161 | D:3      | 2161 ||| Stepping ~*~*~tactically~*~*~ (hiding).
  2162 | D:3      | 2162 ||| Stepping ~*~*~tactically~*~*~ (hiding).
  2251 | D:3      | 2251 ||| Stepping ~*~*~tactically~*~*~ (stealth).
  2254 | D:3      | 2254 ||| Stepping ~*~*~tactically~*~*~ (stealth).
  2257 | D:3      | 2257 ||| INVOKING Berserk.
  2260 | D:3      | Reached XP level 4. HP: 29/39 MP: 3/3
  2263 | D:3      | Reached skill level 6 in Axes
  2682 | D:3      | 2682 ||| Stepping ~*~*~tactically~*~*~ (stealth).
  2756 | D:3      | 2756 ||| INVOKING Berserk.
  2976 | D:3      | 2976 ||| SWAPPING to +0 war axe.
  3011 | D:3      | 3011 ||| DROPPING +3 hand axe.
  3173 | D:3      | 3173 ||| UPGRADING to +0 cloak.
  3178 | D:3      | 3178 ||| READING scroll labelled NOHOOPLODOS.
  3179 | D:3      | 3179 ||| DRINKING 3 sapphire potions.
  3337 | D:4      | 3337 ||| INVOKING Berserk.
  3343 | D:4      | Reached skill level 7 in Axes
  3343 | D:4      | Reached XP level 5. HP: 45/45 MP: 4/4
  3478 | D:4      | 3478 ||| INVOKING Berserk.
  3582 | D:4      | 3582 ||| FLEEEEING.
  3662 | D:4      | 3662 ||| READING scroll of enchant weapon.
  3662 | D:4      | 3662 ||| ENCHANTING +0 war axe.
  3698 | D:4      | Found a staircase to the Ecumenical Temple.
  3745 | D:4      | 3745 ||| Stepping ~*~*~tactically~*~*~ (hiding).
  3749 | D:4      | 3749 ||| INVOKING Berserk.
  3751 | D:4      | Reached skill level 8 in Axes
  3751 | D:4      | Reached XP level 6. HP: 52/52 MP: 5/5
  3880 | D:4      | 3880 ||| READING scroll of enchant armour.
  3880 | D:4      | 3880 ||| ENCHANTING +0 cloak.
  4133 | D:4      | Found Ridd's General Store.
  4138 | D:4      | 4138 ||| SHOPLISTING ring of positive energy (260 gold,
                  | have 143).
  4138 | D:4      | 4138 ||| BUYING scroll of identify (26 gold).
  4138 | D:4      | Bought a scroll of identify for 26 gold pieces
  4445 | D:4      | 4445 ||| UPGRADING to amulet of reflection.
  4450 | D:4      | 4450 ||| READING scroll labelled LEOWKIAFFE.
  4451 | D:4      | 4451 ||| READING scroll labelled UPHI PUCZATS.
  4452 | D:4      | 4452 ||| READING scroll labelled RUSIUSI XYKUTT.
  4453 | D:4      | 4453 ||| READING 5 scrolls of identify.
  4453 | D:4      | 4453 ||| IDENTIFYING yellow potion
  4454 | D:4      | 4454 ||| DROPPING potion of ambrosia.
  4503 | D:5      | Entered Level 5 of the Dungeon
  4504 | D:5      | 4504 ||| PLANNING SEWER
  4553 | D:5      | Identified the ring "Toikkua" {Drain rPois rN+++ Will+
                  | Dex-5}
  4583 | D:5      | 4583 ||| INVOKING Berserk.
  4769 | D:5      | Reached skill level 9 in Axes
  5052 | D:5      | Reached XP level 7. HP: 60/60 MP: 6/6
  5053 | D:5      | Found a glowing drain.
  5054 | D:5      | 5054 ||| UPGRADING to ring "Toikkua" {Drain rPois rN+++
                  | Will+ Dex-5}.
  5055 | D:5      | 5055 ||| UPGRADING to ring of protection from cold.
  5056 | D:5      | 5056 ||| READING 2 scrolls labelled HICKUGGIGON.
  5057 | D:5      | 5057 ||| READING 4 scrolls of identify.
  5057 | D:5      | 5057 ||| IDENTIFYING pink potion
  5058 | D:5      | 5058 ||| DROPPING scroll of poison.
  5067 | Sewer    | Entered a sewer
  5351 | Sewer    | 5351 ||| Stepping ~*~*~tactically~*~*~ (water).
  5576 | Sewer    | Reached *** piety under Trog
  5640 | Sewer    | 5640 ||| READING scroll labelled ANELLI EXAPP.
  5641 | Sewer    | 5641 ||| READING scroll labelled GENGIGHIVET.
  5645 | Sewer    | 5645 ||| READING 3 scrolls of identify.
  5645 | Sewer    | 5645 ||| IDENTIFYING glowing black potion
  5668 | D:5      | 5668 ||| PLANNING D:1-11
  5797 | D:5      | Reached skill level 10 in Axes
  5879 | D:5      | Reached skill level 1 in Throwing
  5938 | D:5      | 5938 ||| UPGRADING to +2 pair of boots.
  5971 | D:6      | 5971 ||| STAIRDANCE
  6009 | D:6      | Reached skill level 6 in Fighting
  6067 | D:6      | 6067 ||| Stepping ~*~*~tactically~*~*~ (stealth).
  6084 | D:6      | Reached XP level 8. HP: 55/70 MP: 7/7
  6203 | D:6      | Noticed Eustachio
  6209 | D:6      | 6209 ||| INVOKING Berserk.
  6211 | D:6      | Reached skill level 11 in Axes
  6218 | D:6      | Killed Eustachio
  6227 | D:6      | HP: 11/70 [steam dragon] (19)]
  6229 | D:6      | HP: 1/70 [steam dragon (5)]
  6232 | D:6      | Reached skill level 12 in Axes
  6234 | D:6      | Slain by a steam dragon

Levels and vault maps discovered:
D:1:      matt_arrival_grand_opening, layout_rooms, grunt_decor_mini_mirrors
D:2:      layout_loops_corners, shapermc_ecumenical_altar_rom_forum,
          columned_hall_lemuel, kennysheep_decorative_pillar,
          nrook_mini_backslash, uniq_crazy_yiuf_cottage
D:3:      layout_loops_ring, minmay_quantized
D:4:      layout_layer_cave, minmay_temple_entry_statues_pillars, serial_shops,
          nicolae_shop_hallway_plus, kennysheep_boxes
D:5:      layout_loops_cross, portal_sewer_entry_d, st_stairs_13
D:6:      layout_cave_pools, minmay_circle_x, uniq_blork_the_orc, uniq_eustachio

Skill      XL: |  1  2  3  4  5  6  7  8 |
---------------+-------------------------+-----
Axes           | 4 5 7 8 9 10 12 | 12.1
Fighting       | 4 6 |  6.1
Throwing       | 1 |  1.5
Armour         | 4 |  4.4
Dodging        | |  2.1

Action                   |  1- 3 |  4- 6 |  7- 9 || total
-------------------------+-------+-------+-------++-------
Melee: Hand axe          |    80 |    27 |       ||   107
       Headbutt          |     6 |    13 |    15 ||    34
       Punch             |     1 |     3 |     1 ||     5
       War axe           |       |   100 |   117 ||   217
Throw: Boomerang         |       |    23 |    37 ||    60
Invok: Berserk           |     3 |     5 |     1 ||     9
  Use: Scroll            |     9 |     7 |     5 ||    21
       Potion            |       |     1 |       ||     1
Armor: Animal skin       |     7 |       |       ||     7
       Ring mail         |    10 |    48 |    34 ||    92
Dodge: Dodged            |    36 |    56 |    51 ||   143
Block: Other             |       |    11 |    32 ||    43
       Reflection        |       |       |     1 ||     1

Table legend:
 A = Non-vault XP
 B = Vault XP
 C = Vault XP percentage of total XP
 D = Non-vault monster count
 E = Vault monster count
 F = Vault count percentage of total count
                 A         B        C        D         E       F
            +---------+---------+-------+---------+---------+-------
      Total |    1518 |     914 |  37.6 |      94 |      42 |  30.9
            +---------+---------+-------+---------+---------+-------
        D:1 |      20 |       0 |   0.0 |      14 |       0 |   0.0
        D:2 |      56 |       0 |   0.0 |      19 |       0 |   0.0
        D:3 |      91 |       9 |   9.0 |      22 |       5 |  18.5
        D:4 |     242 |       0 |   0.0 |      19 |       0 |   0.0
        D:5 |     508 |      67 |  11.7 |      11 |       3 |  21.4
        D:6 |     601 |     654 |  52.1 |       9 |       6 |  40.0
      Sewer |       0 |     184 | 100.0 |       0 |      28 | 100.0
            +---------+---------+-------+---------+---------+-------
